 Dungeon Crawl Stone Soup version 0.25-a0-464-g3004169c2b (webtiles) character file.

Game seed: 4938548742192369533, levelgen mode: deterministic

261637 mopl the Bludgeoner (level 20, 0/331 HPs)
             Began as an Ogre Gladiator on Feb 4, 2020.
             Was a High Priest of Okawaru.
             Shot with an arrow by a deep elf master archer (27 damage)
             ... on level 3 of the Elven Halls.
             The game lasted 01:58:23 (42453 turns).

mopl the Bludgeoner (Ogre Gladiator)               Turns: 42453, Time: 01:58:23

Health: 0/331      AC:  9    Str: 28    XL:     20   Next: 37%
Magic:  0/28       EV: 25    Int:  9    God:    Okawaru [*****.]
Gold:   879        SH:  4    Dex: 16    Spells: 16/19 levels left

rFire    + + .     SeeInvis .   b - +11 morningstar "Juikusoi" {venom, rF+ MR+}
rCold    + . .     Gourm    .   (no shield)
rNeg     + . .     Faith    .   E - +0 troll leather armour
rPois    +         Spirit   +   f - +2 hat of the Bear Spirit {Spirit, +Rage rN+ MR++}
rElec    .         Reflect  +   w - scarf {rC+ rF+}
rCorr    .         Harm     .   (gloves unavailable)
MR       +++++                  (boots unavailable)
Stlth    ..........             R - +4 amulet of reflection
HPRegen  1.05/turn              h - +5 ring of evasion
MPRegen  0.21/turn              F - ring of poison resistance

@: berserking, heroism, lightly drained, very quick
A: large, unfitting armour, tough skin 1
}: 1/15 runes: serpentine
a: Heroism, Finesse, Renounce Religion, Evoke Berserk Rage


You were on level 3 of the Elven Halls.
You worshipped Okawaru.
Okawaru was extremely pleased with you.
You were very hungry.

You visited 6 branches of the dungeon, and saw 31 of its levels.
You also visited: Ossuary and Ice Cave.

You collected 2905 gold pieces.
You spent 2026 gold pieces at shops.

Inventory:

Hand Weapons
 a - the +7 great mace of Corporal Punishment {drain, Str-3 Int+4 Stlth+}
   (You found it on level 1 of the Orcish Mines)

   A truly terrible weapon, it drains the life of those it strikes.
   It affects your strength (-3).
   It affects your intelligence (+4).
   It makes you more stealthy.
 b - the +11 morningstar "Juikusoi" (weapon) {venom, rF+ MR+}
   (You found it on level 10 of the Dungeon)

   It poisons the flesh of those it strikes.
   It protects you from fire.
   It affects your resistance to hostile enchantments.
 r - a +0 dire flail of holy wrath
Missiles
 d - 4 throwing nets
 g - 14 silver javelins
 m - 73 poisoned darts
 A - 22 boomerangs (quivered)
 B - 4 boomerangs of dispersal
 H - 16 curare-tipped darts
 I - 32 large rocks
 Q - 4 javelins
Armour
 f - the +2 hat of the Bear Spirit (worn) {Spirit, +Rage rN+ MR++}
   (You found it on level 11 of the Dungeon)

   It protects you from negative energy.
   It affects your resistance to hostile enchantments.
   It lets you go berserk.
   If you remove this armour, your AC will fall 2 points (9 -> 7)
 w - a scarf of resistance (worn)
 E - a +0 troll leather armour (worn)
Jewellery
 h - a +5 ring of evasion (left hand)
 F - a ring of poison resistance (right hand)
 L - the ring of Gotzo {MP+9 SInv}
   (You found it on level 2 of the Lair of Beasts)

   [ring of magical power]

   It affects your magic capacity (+9).
   It lets you see invisible.
 R - a +4 amulet of reflection (around neck)
Wands
 k - a wand of digging (5)
 t - a wand of enslavement (12)
 u - a wand of disintegration (41)
 v - a wand of clouds (6)
 D - a wand of acid (6)
 K - a wand of iceblast (47)
 S - a wand of paralysis (5)
Scrolls
 i - 13 scrolls of remove curse
 p - 16 scrolls of teleportation
 q - 3 scrolls of blinking
 s - 6 scrolls of fog
 x - a scroll of enchant armour
 y - 13 scrolls of identify
 G - 6 scrolls of magic mapping
 P - 2 scrolls of vulnerability
 U - 2 scrolls of fear
 W - 2 scrolls of silence {!r}
Potions
 e - 5 potions of lignification {!q}
 j - 9 potions of agility
 l - 16 potions of curing
 n - 7 potions of mutation {!q}
 o - 6 potions of resistance
 z - a potion of magic
 C - 4 potions of heal wounds
 M - 6 potions of flight
 N - 6 potions of invisibility
 O - 2 potions of might
 X - 2 potions of cancellation
 Y - 2 potions of ambrosia
 Z - 5 potions of haste
Miscellaneous
 J - a lightning rod (4/4)
 V - a lamp of fire
Comestibles
 c - 39 rations


   Skills:
 + Level 17.7(22.5) Fighting
 * Level 17.8(22.6) Maces & Flails
 + Level 14.2(18.9) Throwing
 + Level 9.1(13.9) Armour
 + Level 10.3(15.1) Dodging
 + Level 3.6(8.4) Stealth
 + Level 7.2(7.0) Translocations
 + Level 11.4(11.2) Invocations
 - Level 10.0(9.8) Evocations


You had 16 spell levels left.
You knew the following spells:

 Your Spells              Type           Power        Failure   Level  Hunger
a - Apportation           Tloc           ##....       2%          1    ##.....
e - Blink                 Tloc           N/A          3%          2    ###....

Your spell library contained the following spells:

 Spells                   Type           Power        Failure   Level  Hunger
 Recall                   Summ/Tloc      N/A          30%         3    ####...
 Animate Skeleton         Necr           N/A          41%         1    ##.....
 Beastly Appendage        Tmut           #.....       41%         1    ##.....
 Corona                   Hex            #......      41%         1    ##.....
 Foxfire                  Conj/Fire      #...         41%         1    ##.....
 Magic Dart               Conj           #...         41%         1    ##.....
 Pain                     Necr           #...         41%         1    ##.....
 Shock                    Conj/Air       #...         41%         1    ##.....
 Summon Small Mammal      Summ           #...         41%         1    ##.....
 Call Imp                 Summ           #.......     54%         2    ###....
 Slow                     Hex            #.......     54%         2    ###....
 Sticks to Snakes         Tmut           #.......     54%         2    ###....
 Call Canine Familiar     Summ           #.......     78%         3    ####...
 Conjure Flame            Conj/Fire      #.......     78%         3    ####...
 Inner Flame              Hex/Fire       #.......     78%         3    ####...
 Mephitic Cloud           Conj/Pois/Air  #.......     78%         3    ####...
 Spider Form              Tmut/Pois      #.........   78%         3    ####...
 Summon Guardian Golem    Hex/Summ       #.......     78%         3    ####...
 Vampiric Draining        Necr           #.........   78%         3    ####...
 Animate Dead             Necr           N/A          99%         4    #####..
 Ice Form                 Ice/Tmut       #.......     99%         4    #####..
 Sticky Flame             Conj/Fire      #.......     99%         4    #####..
 Summon Ice Beast         Ice/Summ       #.......     99%         4    #####..
 Summon Lightning Spire   Summ/Air       #.......     99%         4    #####..
 Agony                    Necr           #.......     100%        5    ######.
 Blade Hands              Tmut           #.........   100%        5    ######.
 Borgnjor's Vile Clutch   Necr/Erth      #.........   100%        5    ######.
 Fireball                 Conj/Fire      #.........   100%        5    ######.
 Death Channel            Necr           #.........   100%        6    #######
 Iron Shot                Conj/Erth      #.........   100%        6    #######
 Simulacrum               Ice/Necr       #.........   100%        6    #######


Dungeon Overview and Level Annotations

Branches:
Dungeon (15/15)            Temple (1/1) D:6            Lair (6/6) D:9
 Shoals (0/4) Lair:2        Snake (4/4) Lair:3        Slime (0/5) Lair:5
    Orc (2/2) D:10            Elf (3/3) Orc:2        Vaults (0/5) D:13
 Depths (0/5) D:15        Ossuary (visited)           IceCv (visited)

Altars:
Ashenzari
Cheibriados
Dithmenos
Elyvilon
Fedhas
Gozag
Hepliaklqana
Kikubaaqudgha
Makhleb
Nemelex Xobeh
Okawaru
Qazlal
Ru
Sif Muna
Trog
Uskayaw
Vehumet
Wu Jian
Xom
Yredelemnul
Zin
The Shining One
Beogh
Jiyva

Shops:
D:8 (   D:13 *?   Orc:1 (   Orc:2 %?=!   Elf:1 *   Elf:2 [   Snake:2 ([
Snake:3 !

Portals:
Bazaar: D:14

Annotations:
Lair:5 1 runed translucent door
Elf:2 4 runed translucent doors


Innate Abilities, Weirdness & Mutations

You are too large for most types of armour.
You have tough skin. (AC +1)


Message History

The arrow hits you!!
* * * LOW HITPOINT WARNING * * *
A red film seems to cover your vision as you go berserk!
You feel yourself moving faster!
You feel mighty!
You are feeling very hungry.
The deep elf master archer shoots an arrow.
The arrow hits you!!
* * * LOW HITPOINT WARNING * * *
You hit the deep elf master archer.
The deep elf master archer looks as sick as possible!
The deep elf master archer is lightly wounded.
The deep elf master archer shoots an arrow.
The arrow hits you!!
* * * LOW HITPOINT WARNING * * *
You spit the deep elf master archer like a pig!!!
The deep elf master archer is severely wounded.
You hear a shout!
The deep elf master archer shoots an arrow.
The arrow hits you!!
You die...

.....# #... .....#
... ## .....##
########.##.#
.##..)# #.#.##.....#
.##...###.#.##.((..#
.#....).....##..)..#
.#......)..[[[..)).#
.#.#####..[.###.e).#
.#.# #...)....@).#
.#.# #.#.####.((.#
.#.# ##### #.(()##
.#.# #..<.)# ##.#
#..((.# ##.# #.((#.#
##.# ###(### ##.#
#.#
##.##############)#


You could see a deep elf master archer.

Vanquished Creatures
  Mara (Snake:3)
  Saint Roka (Snake:2)
  Bai Suzhen (Snake:3)
  Rupert (D:12)
  Jorgrun (D:14)
  4 tentacled monstrosities (Elf:2)
  2 deep elf blademasters
  Asterion (Snake:2)
  A deep elf master archer (Elf:2)
  Frances (D:12)
  Agnes (D:14)
  Gastronok (Lair:1)
  7 nagarajas
  A frost giant (D:15)
  Aizul (Snake:2)
  The ghost of Yermak the Fighter, a journeyman CeVM of Cheibriados (Elf:2)
  A cacodemon (Elf:2)
  6 deep elf sorcerers
  3 deep elf elementalists
  3 deep elf demonologists (Elf:3)
  A dire elephant (Lair:2)
  4 deep elf annihilators
  8 deep elf death magi
  Josephine (D:14)
  2 deep elf high priests (Elf:3)
  The ghost of Usoigem the Basher, a journeyman GrBe of Trog (D:13)
  Harold (Lair:2)
  The ghost of kinoniko the Fighter, a novice OgGl of Okawaru (D:8)
  5 hydras
  3 vault guards (D:13)
  3 centaur warriors
  13 naga warriors
  The ghost of Cynry the Zephyrmancer, a journeyman TeAE of Dithmenos (D:10)
  The ghost of Gruesome the Cleaver, a journeyman FoFi of Cheibriados (Orc:1)
  A death knight (D:13)
  16 anacondas
  12 dancing weapons
  4 ogre magi (Orc:2)
  21 two-headed ogres
  A tengu warrior (D:15)
  18 naga sharpshooters
  5 shock serpents
  7 deep elf knights
  Sonja (Lair:3)
  8 salamander mystics
  A fire crab (shapeshifter) (D:13)
  5 skeletal warriors
  14 deep elf archers
  A glowing orange brain (D:15)
  7 naga ritualists
  An unseen horror (shapeshifter) (Elf:2)
  2 necromancers
  4 lindwurms (Snake:4)
  3 orc knights
  5 oklob plants
  13 mana vipers
  A wolf spider zombie (D:13)
  42 deep elf magi
  3 ugly things
  2 manticores
  5 orc sorcerers
  7 salamanders
  5 cyclopes
  A spectral centaur (D:13)
  A merfolk siren (Lair:2)
  23 elephants
  46 black mambas
  5 centaur zombies
  3 ice statues (IceCv)
  27 naga magi
  10 guardian serpents
  2 molten gargoyles (Lair:3)
  7 spiny frogs
  2 gargoyles
  A black mamba (shapeshifter) (D:13)
  3 centaur skeletons
  A yaktaur (shapeshifter) (D:15)
  A rime drake (Lair:6)
  A rime drake (shapeshifter) (D:15)
  8 ice devils (IceCv)
  A small abomination (Elf:1)
  The ghost of FRZBLD the Ruffian, an amateur TrMo (D:4)
  A freezing wraith (D:13)
  4 komodo dragons
  2 tengu conjurers
  A meliai (shapeshifter) (D:15)
  A troll (shapeshifter) (Elf:2)
  5 polar bears
  10 trolls
  5 hornets
  Prince Ribbit (D:8)
  Grinder (D:6)
  6 dream sheep (Lair:6)
  6 slime creatures
  5 hippogriffs
  4 blink frogs (Lair:1)
  An air elemental (Elf:1)
  8 redbacks (Elf:2)
  A spriggan (shapeshifter) (Elf:1)
  16 spriggans
  4 water elementals
  6 wraiths
  38 yaks
  2 vampires
  3 fire elementals
  A yak (shapeshifter) (Elf:2)
  2 wyverns
  2 hungry ghosts (D:8)
  A golden eye (shapeshifter) (D:15)
  A sky beast (shapeshifter) (Elf:2)
  2 basilisks
  20 vampire mosquitoes
  A steam dragon (D:13)
  9 humans (D:13)
  Menkaure (D:6)
  5 wargs
  58 nagas
  An acid dragon (D:15)
  A soldier ant (shapeshifter) (Elf:2)
  6 water moccasins
  4 porcupines
  20 orc warriors
  3 phantoms
  A sky beast (D:10)
  A swamp drake (shapeshifter) (D:15)
  11 ice beasts
  3 black bears
  3 necrophages
  An eye of draining (D:12)
  8 large abominations (Elf:2)
  25 ogres
  9 boggarts
  2 eyes of draining (shapeshifter)
  16 wolves (Lair:6)
  A boggart (shapeshifter) (Elf:2)
  6 crocodiles
  7 centaurs
  Blork the orc (D:6)
  A big kobold (D:9)
  16 bullfrogs
  5 earth elementals
  2 gnoll sergeants
  A wyvern skeleton (D:12)
  7 scorpions
  A hornet simulacrum (D:13)
  2 killer bees (D:7)
  8 wights
  2 howler monkeys
  An electric eel (Lair:1)
  3 crimson imps
  5 lava snakes (Lair:3)
  6 jellies
  3 quasits
  3 hounds
  16 orc priests
  4 bullfrog skeletons
  7 iguanas
  30 orc wizards
  A troll simulacrum (IceCv)
  3 spriggan simulacra (IceCv)
  8 worker ants
  A centaur simulacrum (IceCv)
  2 hound zombies
  A hound skeleton (D:10)
  2 mummies
  2 howler monkey skeletons
  21 gnolls
  2 naga simulacra (IceCv)
  3 ogre simulacra (IceCv)
  12 adders
  A shadow imp (D:6)
  An ooze (D:5)
  An adder skeleton (D:4)
  2 adder zombies
  4 worms
  A dart slug (D:1)
  A leopard gecko (shapeshifter) (Elf:2)
  6 leopard geckos
  96 orcs
  2 ball pythons
  3 giant cockroaches
  7 goblins
  5 hobgoblins
  27 jackals
  5 quokkas
  15 bats
  4 frilled lizards
  A frilled lizard (shapeshifter) (Elf:2)
  9 gnoll skeletons (Ossuary)
  2 gnoll zombies (D:7)
  A jackal skeleton (D:4)
  13 kobolds
  9 kobold skeletons (Ossuary)
  7 orc skeletons (Ossuary)
  A quokka zombie (D:7)
  9 rats
  A fungus (D:10)
1222 creatures vanquished.

Vanquished Creatures (collateral kills)
  2 anacondas (Snake:4)
  A guardian serpent (Snake:4)
3 creatures vanquished.

Vanquished Creatures (others)
  A naga sharpshooter (Snake:4)
  A deep elf knight (Elf:2)
  A black mamba (Snake:4)
  An acid dragon (shapeshifter) (Elf:1)
  A floating eye (shapeshifter) (Elf:2)
  An orc warrior (Snake:2)
  A centaur (D:15)
  A bullfrog (Lair:2)
  4 killer bees (D:7)
  An orc (Snake:2)
  15 fungi
  17 plants
45 creatures vanquished.

Grand Total: 1270 creatures vanquished

Notes
Turn   | Place    | Note
-------+----------+-------------------------------------------
     0 | D:1      | mopl the Ogre Gladiator began the quest for the Orb.
     0 | D:1      | Reached XP level 1. HP: 22/22 MP: 1/1
    41 | D:1      | Reached XP level 2. HP: 12/29 MP: 2/2
   232 | D:1      | Reached skill level 3 in Fighting
   232 | D:1      | Reached skill level 3 in Maces & Flails
   480 | D:1      | Reached XP level 3. HP: 37/37 MP: 3/3
  1187 | D:2      | Reached XP level 4. HP: 45/45 MP: 4/4
  1385 | D:2      | Found a white marble altar of Elyvilon.
  1386 | D:2      | Found a glowing silver altar of Zin.
  1386 | D:2      | Found a glowing golden altar of the Shining One.
  1494 | D:2      | Became a worshipper of Elyvilon the Healer
  2013 | D:3      | Found a shimmering blue altar of Sif Muna.
  2158 | D:3      | You fall into a shaft and drop 1 floor!
  2158 | D:4      | Reached * piety under Elyvilon
  2169 | D:4      | Reached XP level 5. HP: 48/54 MP: 5/5
  2178 | D:4      | Reached skill level 4 in Fighting
  2178 | D:4      | Reached skill level 4 in Maces & Flails
  2178 | D:4      | Reached skill level 3 in Throwing
  2178 | D:4      | Reached skill level 1 in Invocations
  2346 | D:4      | Noticed a phantom
  2392 | D:4      | Killed a phantom
  2392 | D:4      | Reached XP level 6. HP: 56/63 MP: 5/7
  2453 | D:4      | Found a transporter.
  2454 | D:4      | Found a transporter.
  2526 | D:4      | Reached skill level 2 in Invocations
  3044 | D:3      | Found an ancient bone altar of Kikubaaqudgha.
  3133 | D:3      | Reached ** piety under Elyvilon
  3176 | D:3      | Found a radiant altar of Vehumet.
  3520 | D:4      | Reached skill level 5 in Maces & Flails
  3713 | D:4      | Reached XP level 7. HP: 41/71 MP: 8/8
  3838 | D:4      | Reached skill level 5 in Fighting
  4453 | D:4      | Noticed FRZBLD's ghost (amateur TrMo)
  4609 | D:5      | Entered Level 5 of the Dungeon
  4633 | D:5      | Reached skill level 4 in Throwing
  4710 | D:5      | Reached skill level 3 in Invocations
  4765 | D:5      | You fall into a shaft and drop 3 floors!
  4902 | D:8      | Noticed a two-headed ogre
  5041 | D:6      | Reached skill level 6 in Maces & Flails
  5041 | D:6      | Reached XP level 8. HP: 30/83 MP: 10/10
  5128 | D:6      | Noticed Menkaure
  5129 | D:6      | Reached *** piety under Elyvilon
  5131 | D:6      | Found a staircase to the Ecumenical Temple.
  5152 | D:6      | Noticed Grinder
  5251 | D:6      | Noticed Blork the orc
  5261 | D:6      | Killed Blork the orc
  5261 | D:6      | Reached skill level 6 in Fighting
  5286 | D:5      | Found a shattered altar of Ashenzari.
  5296 | D:5      | Fell from the grace of Elyvilon
  5296 | D:5      | Became a worshipper of Ashenzari the Shackled
  5319 | D:5      | Found a sand-covered staircase.
  5325 | Ossuary  | Entered an ossuary
  5325 | Ossuary  | Noticed a wraith
  5325 | Ossuary  | Noticed a wraith
  5325 | Ossuary  | Noticed a wraith
  5328 | Ossuary  | Fell from the grace of Ashenzari
  5673 | Ossuary  | Noticed a wraith
  5761 | Ossuary  | Killed a wraith
  6216 | D:5      | Found a sacrificial altar of Ru.
  6272 | D:5      | Reached skill level 5 in Throwing
  7069 | D:2      | Became a worshipper of Elyvilon the Healer
  7167 | D:6      | Killed Menkaure
  7167 | D:6      | Reached skill level 4 in Invocations
  7202 | D:5      | Reached skill level 7 in Fighting
  7202 | D:5      | Reached skill level 7 in Maces & Flails
  7454 | D:6      | Paralysed by Grinder for 4 turns
  7459 | D:6      | Paralysed by Grinder for 5 turns
  7465 | D:6      | Killed Grinder
  7465 | D:6      | Reached XP level 9. HP: 45/93 MP: 12/12
  8152 | Temple   | Entered the Ecumenical Temple
  8425 | D:6      | Reached skill level 5 in Invocations
  9584 | D:7      | Found a basalt altar of Yredelemnul.
  9654 | D:7      | Found a stormy altar of Qazlal.
  9708 | D:7      | Reached skill level 6 in Throwing
  9890 | D:7      | Reached skill level 8 in Fighting
  9890 | D:7      | Reached skill level 8 in Maces & Flails
 10258 | D:7      | Found an iron altar of Okawaru.
 10258 | D:7      | Found a sparkling altar of Nemelex Xobeh.
 10262 | D:7      | Fell from the grace of Elyvilon
 10262 | D:7      | Became a worshipper of Warmaster Okawaru
 10540 | D:8      | Was forgiven by Ashenzari
 10552 | D:8      | Found a shadowy altar of Dithmenos.
 10699 | D:8      | Found a transporter.
 10715 | D:8      | Found a transporter.
 10716 | D:8      | Noticed kinoniko's ghost (novice OgGl)
 10780 | D:8      | Noticed Prince Ribbit
 10790 | D:8      | Killed a two-headed ogre
 10790 | D:8      | Reached * piety under Okawaru
 10790 | D:8      | Reached skill level 6 in Invocations
 10790 | D:8      | Reached XP level 10. HP: 62/106 MP: 14/14
 10805 | D:8      | Killed Prince Ribbit
 11095 | D:8      | Reached skill level 9 in Maces & Flails
 11154 | D:8      | Found Porocim's Antique Weapon Shoppe.
 11217 | D:8      | Reached skill level 9 in Fighting
 11834 | D:9      | Reached ** piety under Okawaru
 11834 | D:9      | Reached skill level 7 in Throwing
 12183 | D:9      | Found a staircase to the Lair.
 12855 | D:9      | Noticed a two-headed ogre
 12865 | D:9      | Killed a two-headed ogre
 12865 | D:9      | Reached skill level 7 in Invocations
 13207 | D:9      | Reached skill level 10 in Maces & Flails
 13232 | D:9      | Reached skill level 10 in Fighting
 13514 | D:9      | Found a stormy altar of Qazlal.
 13577 | D:10     | Entered Level 10 of the Dungeon
 13627 | D:9      | Reached XP level 11. HP: 112/116 MP: 16/16
 13695 | D:10     | Noticed a two-headed ogre
 13719 | D:10     | HP: 3/116 [two-headed ogre/+0 dire flail (9)]
 13720 | D:10     | Killed a two-headed ogre
 13720 | D:10     | Reached *** piety under Okawaru
 14119 | D:10     | Found a runed translucent gate.
 14119 | D:10     | Found a runed translucent gate.
 14119 | D:10     | Found a runed translucent gate.
 14120 | D:10     | Noticed a 12-headed hydra
 14121 | D:10     | Noticed a 12-headed hydra
 14121 | D:10     | Noticed Cynry's ghost (journeyman TeAE)
 14166 | D:10     | Reached skill level 8 in Throwing
 14184 | D:10     | Found a staircase to the Orcish Mines.
 14510 | D:10     | Noticed a two-headed ogre
 14528 | D:10     | Killed a two-headed ogre
 14528 | D:10     | Reached **** piety under Okawaru
 14528 | D:10     | Reached skill level 8 in Invocations
 14584 | D:10     | Reached skill level 1 in Evocations
 15193 | D:11     | Found the +2 hat of the Bear Spirit {Spirit, +Rage rN+
                  | MR++}
 15243 | D:11     | Reached skill level 11 in Maces & Flails
 15264 | D:11     | Reached skill level 11 in Fighting
 15264 | D:11     | Reached skill level 2 in Evocations
 15304 | D:11     | Received a gift from Okawaru
 15579 | D:11     | Reached ***** piety under Okawaru
 15648 | D:11     | Reached XP level 12. HP: 96/129 MP: 13/18
 15721 | D:11     | Reached skill level 9 in Throwing
 15729 | D:11     | Reached skill level 3 in Evocations
 16289 | Lair:1   | Entered Level 1 of the Lair of Beasts
 16540 | Lair:1   | Received a gift from Okawaru
 16579 | Lair:1   | Noticed Gastronok
 16626 | Lair:1   | Killed Gastronok
 16626 | Lair:1   | Reached skill level 12 in Fighting
 16626 | Lair:1   | Reached skill level 12 in Maces & Flails
 17096 | Lair:1   | Reached skill level 4 in Evocations
 17514 | Lair:2   | Received a gift from Okawaru
 17627 | Lair:2   | Noticed Harold
 17664 | Lair:2   | Killed Harold
 17664 | Lair:2   | Received a gift from Okawaru
 17694 | Lair:2   | Noticed a dire elephant
 17917 | Lair:2   | Killed a dire elephant
 17920 | Lair:2   | Reached XP level 13. HP: 59/140 MP: 4/19
 18194 | Lair:2   | Reached skill level 10 in Throwing
 18395 | Lair:2   | Found an ancient bone altar of Kikubaaqudgha.
 18681 | Lair:2   | Got a vibrating bronze ring
 18696 | Lair:2   | Identified the ring of Gotzo {MP+9 SInv} (You found it on
                  | level 2 of the Lair of Beasts)
 18735 | Lair:2   | Found a staircase to the Shoals.
 19006 | Lair:3   | Reached skill level 5 in Evocations
 19115 | Lair:3   | Reached skill level 9 in Invocations
 19586 | Lair:3   | Noticed Sonja
 19598 | Lair:3   | Killed Sonja
 19598 | Lair:3   | Reached skill level 3 in Dodging
 19683 | Lair:3   | Found a staircase to the Snake Pit.
 20090 | Lair:4   | Reached skill level 1 in Armour
 20235 | Lair:4   | Reached skill level 13 in Fighting
 20235 | Lair:4   | Reached skill level 13 in Maces & Flails
 20246 | Lair:4   | Received a gift from Okawaru
 21101 | Lair:5   | Learned a level 1 spell: Apportation
 21209 | Lair:5   | Found a runed translucent door.
 21209 | Lair:5   | Found a viscous altar of Jiyva.
 21210 | Lair:5   | Found a staircase to the Slime Pits.
 21326 | Lair:5   | Found the +8 orange crystal plate armour {Archmagi, Int+3
                  | Clar}
 21628 | Lair:6   | Entered Level 6 of the Lair of Beasts
 21659 | Lair:6   | Reached skill level 2 in Armour
 21947 | Lair:6   | Reached skill level 4 in Dodging
 21947 | Lair:6   | Reached XP level 14. HP: 68/152 MP: 9/21
 22364 | Lair:6   | Received a gift from Okawaru
 23087 | Lair:6   | Reached skill level 3 in Armour
 23087 | Lair:6   | Reached skill level 6 in Evocations
 23093 | Lair:6   | Received a gift from Okawaru
 23296 | Lair:6   | Reached skill level 10 in Invocations
 23670 | Orc:1    | Entered Level 1 of the Orcish Mines
 23756 | Orc:1    | Found a roughly hewn altar of Beogh.
 23774 | Orc:1    | Found a large runed translucent door.
 23775 | Orc:1    | Found a large runed translucent door.
 23777 | Orc:1    | Noticed Gruesome's ghost (journeyman FoFi)
 23837 | Orc:1    | Found a frozen archway.
 23901 | IceCv    | Entered an ice cave
 23923 | IceCv    | Reached skill level 11 in Throwing
 24279 | IceCv    | Received a gift from Okawaru
 24397 | IceCv    | Reached skill level 5 in Dodging
 24523 | Orc:1    | Found Hitujen's Weapon Shoppe.
 24834 | Orc:1    | Killed Gruesome's ghost
 24841 | Orc:1    | Got a twisted great mace
 24842 | Orc:1    | Identified the +7 great mace of Corporal Punishment {drain,
                  | Str-3 Int+4 Stlth+} (You found it on level 1 of the Orcish
                  | Mines)
 24861 | Orc:2    | Entered Level 2 of the Orcish Mines
 24996 | Orc:2    | Received a gift from Okawaru
 25024 | Orc:2    | Found a staircase to the Elven Halls.
 25076 | Orc:2    | Reached skill level 14 in Maces & Flails
 25110 | Orc:2    | Reached skill level 14 in Fighting
 25167 | Orc:2    | Reached skill level 4 in Armour
 25192 | Orc:2    | Reached XP level 15. HP: 148/162 MP: 20/22
 25195 | Orc:2    | Reached ****** piety under Okawaru
 25195 | Orc:2    | Received a gift from Okawaru
 25299 | Orc:2    | Found Ogecosch's Magic Scroll Shoppe.
 25299 | Orc:2    | Found Upaim's Distillery.
 25301 | Orc:2    | Found Qoof's Jewellery Shoppe.
 25301 | Orc:2    | Found Oniggopu's Food Shop.
 25321 | Orc:2    | Bought a scroll of teleportation for 42 gold pieces
 25321 | Orc:2    | Bought a scroll of teleportation for 42 gold pieces
 25323 | Orc:2    | Bought a cursed ring of teleportation for 81 gold pieces
 25927 | Orc:2    | Bought a potion of curing for 48 gold pieces
 25927 | Orc:2    | Bought a potion of resistance for 160 gold pieces
 25927 | Orc:2    | Bought a potion of resistance for 160 gold pieces
 25927 | Orc:2    | Bought a potion of haste for 160 gold pieces
 25927 | Orc:2    | Bought a potion of haste for 160 gold pieces
 25927 | Orc:2    | Bought a potion of curing for 48 gold pieces
 25927 | Orc:2    | Bought a potion of curing for 48 gold pieces
 25927 | Orc:2    | Bought a potion of agility for 64 gold pieces
 25928 | Orc:2    | Bought 2 scrolls of magic mapping for 98 gold pieces
 25928 | Orc:2    | Bought a scroll of magic mapping for 49 gold pieces
 25928 | Orc:2    | Bought a scroll of vulnerability for 105 gold pieces
 25928 | Orc:2    | Bought a scroll of brand weapon for 280 gold pieces
 26274 | D:4      | Killed FRZBLD's ghost
 26274 | D:4      | Received a gift from Okawaru
 26444 | D:8      | Reached skill level 7 in Evocations
 26454 | D:8      | Killed kinoniko's ghost
 26454 | D:8      | Reached skill level 6 in Dodging
 26559 | D:10     | Killed Cynry's ghost
 26563 | D:10     | Got a translucent morningstar
 26564 | D:10     | Identified the +11 morningstar "Juikusoi" {venom, rF+ MR+}
                  | (You found it on level 10 of the Dungeon)
 26771 | D:12     | Noticed Rupert
 26784 | D:12     | Killed Rupert
 26956 | D:12     | Noticed Frances
 26973 | D:12     | Killed Frances
 27307 | D:12     | Reached skill level 5 in Armour
 28017 | D:13     | Noticed Usoigem's ghost (journeyman GrBe)
 28080 | D:13     | Found Xuybah's Magic Scroll Emporium.
 28083 | D:13     | Bought a scroll of teleportation for 36 gold pieces
 28083 | D:13     | Bought a scroll of magic mapping for 42 gold pieces
 28083 | D:13     | Bought a scroll of identify for 24 gold pieces
 28083 | D:13     | Bought 3 scrolls of identify for 72 gold pieces
 28247 | D:13     | Found Tusokkeo's General Store.
 28265 | D:13     | Bought a scroll of blinking for 135 gold pieces
 28265 | D:13     | Bought a potion of curing for 54 gold pieces
 28265 | D:13     | Bought a scroll of magic mapping for 63 gold pieces
 28320 | D:13     | Found a transporter.
 28444 | D:13     | Found a gate to the Vaults.
 28487 | D:13     | Found a transporter.
 28604 | D:13     | Reached skill level 15 in Maces & Flails
 28618 | D:13     | Reached XP level 16. HP: 166/173 MP: 17/23
 28623 | D:13     | Killed Usoigem's ghost
 28623 | D:13     | Reached skill level 15 in Fighting
 28638 | D:13     | Received a gift from Okawaru
 28638 | D:13     | Reached skill level 12 in Throwing
 28683 | D:13     | Got a transparent golden ring
 28688 | D:13     | Identified the ring of Res Nullius {rC+ Slay+2} (You found
                  | it on level 13 of the Dungeon)
 28863 | D:14     | Found a gateway to a bazaar.
 29026 | D:14     | Noticed Agnes
 29041 | D:14     | Killed Agnes
 29163 | D:14     | Noticed Josephine
 29262 | D:14     | Noticed Jorgrun
 29265 | D:14     | Reached skill level 7 in Dodging
 29274 | D:14     | Killed Jorgrun
 29285 | D:14     | Killed Josephine
 29625 | D:15     | Entered Level 15 of the Dungeon
 29810 | D:15     | Received a gift from Okawaru
 29810 | D:15     | Reached skill level 6 in Armour
 29870 | D:15     | Reached skill level 8 in Evocations
 30009 | D:15     | Learned a level 2 spell: Blink
 30085 | D:15     | Received a gift from Okawaru
 30157 | D:15     | Found a staircase to the Depths.
 30566 | D:15     | Found a glowing silver altar of Zin.
 30796 | Snake:1  | Entered Level 1 of the Snake Pit
 30807 | Snake:1  | Reached skill level 1 in Translocations
 30863 | Snake:1  | Received a gift from Okawaru
 31445 | Snake:1  | Reached skill level 2 in Translocations
 31463 | Snake:1  | Reached XP level 17. HP: 73/185 MP: 10/24
 31634 | Snake:2  | Found Meoczi Rewu's Armour Boutique.
 31644 | Snake:2  | Found Gyff's Weapon Shop.
 31680 | Snake:2  | Received a gift from Okawaru
 31948 | Snake:2  | Reached skill level 8 in Dodging
 32107 | Snake:2  | Received a gift from Okawaru
 32268 | Snake:2  | Noticed Saint Roka
 32561 | Snake:2  | Killed Saint Roka
 32561 | Snake:2  | Reached skill level 16 in Maces & Flails
 32561 | Snake:2  | Reached skill level 3 in Translocations
 32593 | Snake:2  | Noticed Asterion
 32753 | Snake:2  | Killed Asterion
 32934 | Snake:2  | Reached skill level 16 in Fighting
 33465 | Snake:2  | Noticed Aizul
 33485 | Snake:2  | Killed Aizul
 33485 | Snake:2  | Reached skill level 7 in Armour
 33831 | Snake:3  | Found Qatips's Distillery.
 33846 | Snake:3  | Bought a potion of heal wounds for 55 gold pieces
 33941 | Snake:3  | Received a gift from Okawaru
 34102 | Snake:3  | Received a gift from Okawaru
 34152 | Snake:3  | Noticed Bai Suzhen
 34225 | Snake:3  | Killed Bai Suzhen
 34525 | Snake:3  | Reached skill level 13 in Throwing
 34535 | Snake:3  | Received a gift from Okawaru
 34612 | Snake:3  | Reached skill level 9 in Evocations
 34859 | Snake:3  | Reached skill level 4 in Translocations
 34949 | Snake:4  | Entered Level 4 of the Snake Pit
 34949 | Snake:4  | Noticed Mara
 34955 | Snake:3  | Received a gift from Okawaru
 35050 | Snake:3  | Noticed mopl's illusion
 35087 | Snake:3  | Killed Mara
 35087 | Snake:3  | Reached XP level 18. HP: 103/198 MP: 8/25
 35625 | Snake:4  | Received a gift from Okawaru
 35740 | Snake:4  | Received a gift from Okawaru
 35830 | Snake:4  | Received a gift from Okawaru
 35938 | Snake:4  | Reached skill level 9 in Dodging
 36157 | Snake:4  | Reached skill level 5 in Translocations
 36688 | Snake:4  | Reached skill level 8 in Armour
 36802 | Snake:4  | Received a gift from Okawaru
 36969 | Snake:4  | Identified the +1 robe of Ubloril {rElec rC- Int+7 Slay+2}
                  | (Okawaru gifted it to you on level 4 of the Snake Pit)
 37030 | Snake:4  | Reached skill level 17 in Maces & Flails
 37380 | Snake:4  | Reached skill level 17 in Fighting
 37652 | Snake:4  | Reached XP level 19. HP: 138/209 MP: 26/26
 37789 | Snake:4  | Got a serpentine rune of Zot
 38186 | Elf:1    | Entered Level 1 of the Elven Halls
 38206 | Elf:1    | Found a radiant altar of Vehumet.
 38346 | Elf:1    | Found Jiskatze's Assorted Antiques.
 38496 | Elf:1    | Reached skill level 1 in Stealth
 38670 | Elf:1    | Identified Yreuxut's Guide on Arcane Weapons
 38757 | Elf:1    | Reached skill level 6 in Translocations
 38933 | Elf:1    | Received a gift from Okawaru
 38936 | Elf:1    | Got a slimy great mace {god gift}
 38937 | Elf:1    | Identified the +7 great mace of Pride {elec, *Drain rC+++
                  | MP+9 Dex-5} (Okawaru gifted it to you on level 1 of the
                  | Elven Halls)
 39477 | Elf:2    | Reached skill level 10 in Evocations
 39688 | Elf:2    | Found a large runed translucent door.
 39688 | Elf:2    | Found a large runed translucent door.
 39707 | Elf:2    | Reached skill level 2 in Stealth
 39716 | Elf:2    | Found a large runed translucent door.
 39716 | Elf:2    | Found a large runed translucent door.
 39806 | Elf:2    | Received a gift from Okawaru
 39964 | Elf:2    | Found Ocizxock's Antique Armour Boutique.
 40083 | Elf:2    | Found a runed translucent gate.
 40083 | Elf:2    | Found a runed translucent gate.
 40083 | Elf:2    | Found a runed translucent gate.
 40084 | Elf:2    | Noticed a tentacled monstrosity
 40093 | Elf:2    | Noticed a tentacled monstrosity
 40093 | Elf:2    | Noticed a tentacled monstrosity
 40125 | Elf:2    | Killed a tentacled monstrosity
 40126 | Elf:2    | Received a gift from Okawaru
 40127 | Elf:2    | Killed a tentacled monstrosity
 40130 | Elf:2    | Killed a tentacled monstrosity
 40146 | Elf:2    | Found a runed translucent gate.
 40146 | Elf:2    | Found a runed translucent gate.
 40149 | Elf:2    | Noticed a tentacled monstrosity
 40149 | Elf:2    | Noticed Yermak's ghost (journeyman CeVM)
 40154 | Elf:2    | Found a runed translucent gate.
 40161 | Elf:2    | Killed a tentacled monstrosity
 40193 | Elf:2    | Reached skill level 10 in Dodging
 40197 | Elf:2    | Killed Yermak's ghost
 40227 | Elf:2    | Got a pair of ichor-stained boots
 40244 | Elf:2    | Identified the +2 pair of boots of a treasure trove {rPois
                  | rC- Int+4 Dex+2} (You found it on level 2 of the Elven
                  | Halls)
 40432 | Elf:3    | Entered Level 3 of the Elven Halls
 40543 | Elf:3    | Reached skill level 14 in Throwing
 40556 | Elf:3    | Reached skill level 11 in Invocations
 40583 | Elf:3    | Received a gift from Okawaru
 40733 | Elf:3    | Reached skill level 3 in Stealth
 40738 | Elf:2    | Reached XP level 20. HP: 59/218 MP: 5/28
 41451 | Elf:2    | Reached skill level 9 in Armour
 41471 | Elf:2    | Reached skill level 7 in Translocations
 41674 | Elf:3    | Received a gift from Okawaru
 41734 | Elf:3    | Noticed a Tzitzimitl
 41945 | Elf:3    | Received a gift from Okawaru
 42453 | Elf:3    | Shot with an arrow by a deep elf master archer

Levels and vault maps discovered:
D:1:      beargit_arrival_greenhouse, layout_basic
D:2:      layout_loops_cross, good_gods_temple_1
D:3:      layout_basic, lemuel_doored_altar, marbit_many_paths,
          kiku_gazebo_pond_becter, serial_bayou_lagoon_a, patterned_corridor
D:4:      layout_basic, gammafunk_ghost_gnarly_gnolls, minivault_11
D:5:      black_bear_nest_2, layout_basic, cheibrodos_ashenzari_chains,
          first_ration, gup_ossuary_entry_pyramid, hangedman_ru_absence
D:6:      layout_cave_pods, minmay_temple_entry_proselytizer, uniq_menkaure,
          uniq_blork_the_orc, uniq_grinder
D:7:      layout_loops_ring, lemuel_zombie_altar_yredelemnul,
          gammafunk_temple_overflow_wave, basic_altar, the_bakery
D:8:      layout_basic, kennysheep_little_box, serial_shops, shop_fountains,
          gammafunk_ghost_mausoleum, serial_glass, glass_columns_a,
          glass_columns_a, due_unseen_surprise, item_on_display_a,
          uniq_prince_ribbit1
D:9:      layout_loops_ring, erik_lair_orcish_takeover,
          nicolae_qazlal_eye_of_the_storm
D:10:     old_forge, layout_basic, orc_0_dummy, gammafunk_ghost_hydra_chop,
          hangedman_decor_peaks_small, minmay_checkerbox
D:11:     layout_basic
D:12:     layout_stronghold, uniq_rupert, uniq_frances
D:13:     layout_big_octagon, ximxim_vaults_locker_room, serial_shops,
          nicolae_shop_behind_doors, gammafunk_ghost_mausoleum,
          kennysheep_windowed_goal
D:14:     layout_irregular_city, serial_shops, bzr_entry_dummy,
          roderic_three_in_a_row, uniq_josephine, uniq_agnes, uniq_jorgrun
D:15:     gammafunk_enter_depths_forms, layout_basic, zin_angel,
          minmay_shattered_shrine
Temple:   dpeg_chambers_temple
Lair:1:   wad_woods_pond, layout_regular_city, minivault_26,
          guppyfry_lair_drakes, serial_bayou_shore_a, uniq_gastronok
Lair:2:   mu_elephants_graveyard, layout_hall_layers,
          minmay_shoals_entry_lonely_mermaid, basic_altar,
          infiniplex_staircase_pool, uniq_harold
Lair:3:   cheibrodos_magma_flow, layout_gridlike, dummy_snake_entry, uniq_sonja
Lair:4:   layout_misc_corridors
Lair:5:   layout_regular_city, slime_altar_2, grunt_megastairs_5,
          infiniplex_staircase_pool_2
Lair:6:   minmay_lair_end_enchanted_forest, layout_regular_city, dpeg_oklob_1,
          grunt_megastairs_2
Snake:1:  layout_grid_shapes, st_stairs_4, nrook_loot_triangle,
          grunt_ministairs_15
Snake:2:  layout_onion, minmay_shoptagon, uniq_saint_roka, uniq_asterion,
          uniq_aizul
Snake:3:  layout_layer_cave, serial_shops, shop, st_stairs_3, uniq_bai_suzhen
Snake:4:  snake_pit_salamanders_mu, layout_rooms, uniq_mara
Orc:1:    layout_caves, ebering_ghost_disaster_area, serial_shops, shop,
          portal_ice_cave_entry_ice_beasts, mines1_david
Orc:2:    st_orc_ogre_mass, layout_diamond_mine
Elf:1:    eino_elf_arrival_altar, layout_geoelf_grid, serial_shops, shop,
          minmay_elf_annihilation
Elf:2:    layout_geoelf_grid, ploomutoo_gammafunk_ghost_potion_laboratory,
          serial_shops, nicolae_shop_waterfront, drop_trap
Elf:3:    grunt_elf_hall_asides, layout_loops_ring

Skill      XL: |  1  2  3  4  5  6  7  8  9 10 11 12 13 14 15 16 17 18 19 20 |
---------------+-------------------------------------------------------------+-----
Fighting       | 3 4 5 7 8 10 11 12 13 14 15 16 17 | 17.7
Maces & Flails | 3 4 5 6 7 8 10 11 12 13 14 15 16 17 | 17.8
Throwing       | 3 4 5 6 7 8 9 10 11 12 13 14 | 14.2
Invocations    | 1 2 3 4 6 7 8 9 10 11 | 11.4
Evocations     | 2 4 5 6 7 8 9 10 | 10.0
Dodging        | 4 5 6 7 8 9 10 | 10.3
Armour         | 2 4 5 6 7 8 9 |  9.1
Translocations | 2 4 5 6 7 |  7.2
Stealth        | 3 |  3.6

Action                   |  1- 3 |  4- 6 |  7- 9 | 10-12 | 13-15 | 16-18 | 19-21 || total
-------------------------+-------+-------+-------+-------+-------+-------+-------++-------
Melee: Flail             |   125 |   197 |   180 |    11 |       |       |       ||   513
       Spear             |       |       |   239 |   859 |   363 |       |       ||  1461
       Unarmed           |       |       |     3 |       |       |       |       ||     3
       Dire flail        |       |       |    29 |   125 |   688 |    15 |       ||   857
       Punch             |       |       |       |    10 |     5 |     3 |     9 ||    27
       Great mace        |       |       |       |       |   261 |   877 |    58 ||  1196
       Morningstar       |       |       |       |       |   201 |   181 |   465 ||   847
       Demon whip        |       |       |       |       |       |    92 |       ||    92
Throw: Dart              |       |     2 |    17 |    35 |       |     1 |       ||    55
       Boomerang         |       |       |     7 |    21 |   124 |   268 |    54 ||   474
       Javelin           |       |       |       |       |       |     1 |    36 ||    37
       Throwing net      |       |       |       |       |       |     1 |       ||     1
 Cast: Blink             |       |       |       |       |       |     1 |     4 ||     5
       Apportation       |       |       |       |       |       |       |    12 ||    12
Invok: Lesser Healing    |       |     3 |    10 |       |       |       |       ||    13
       Heal Other        |       |       |     5 |       |       |       |       ||     5
       Renounce Religion |       |       |     1 |       |       |       |       ||     1
       Heroism           |       |       |       |    25 |    41 |    45 |    20 ||   131
       Finesse           |       |       |       |       |     5 |     5 |     2 ||    12
 Abil: Evoke Berserk Rag |       |       |       |     1 |       |     1 |     1 ||     3
Evoke: Wand              |       |     4 |    21 |    13 |     5 |    12 |     2 ||    57
       Lamp of fire      |       |       |       |     1 |     2 |       |     1 ||     4
  Use: Scroll            |       |     4 |    14 |    10 |    10 |     7 |     3 ||    48
       Potion            |       |       |     2 |       |       |     8 |     2 ||    12
 Stab: Sleeping          |     1 |     3 |     2 |       |     1 |     6 |     2 ||    15
       Paralysed         |       |       |    23 |       |     9 |     3 |       ||    35
       Distracted        |       |       |       |     1 |       |     1 |       ||     2
       Confused          |       |       |       |       |       |     1 |       ||     1
  Eat: Chunk             |     1 |     7 |    14 |    24 |    33 |    17 |    13 ||   109
       Ration            |       |       |     4 |       |     1 |     4 |     1 ||    10
Armor: Robe              |    59 |    81 |    93 |    13 |       |       |       ||   246
       Skin              |       |       |     1 |       |       |       |       ||     1
       Troll leather arm |       |       |       |   128 |   198 |   129 |    61 ||   516
Dodge: Dodged            |   115 |   163 |   255 |   433 |   920 |  1032 |   340 ||  3258
Block: Other             |       |       |       |    86 |   183 |   184 |    66 ||   519
       Reflection        |       |       |       |       |     5 |    25 |     8 ||    38

Table legend:
 A = Non-vault XP
 B = Vault XP
 C = Vault XP percentage of total XP
 D = Non-vault monster count
 E = Vault monster count
 F = Vault count percentage of total count
                 A         B        C        D         E       F
            +---------+---------+-------+---------+---------+-------
      Total |  202668 |  231294 |  53.3 |     792 |     435 |  35.5
            +---------+---------+-------+---------+---------+-------
        D:1 |      60 |       0 |   0.0 |      32 |       0 |   0.0
        D:2 |      58 |       0 |   0.0 |      14 |       0 |   0.0
        D:3 |      81 |       2 |   2.4 |      22 |       1 |   4.3
        D:4 |     448 |     437 |  49.4 |      22 |       8 |  26.7
        D:5 |     351 |     146 |  29.4 |      10 |       2 |  16.7
        D:6 |     795 |     543 |  40.6 |      23 |       3 |  11.5
        D:7 |     488 |     218 |  30.9 |      17 |       3 |  15.0
        D:8 |    1708 |    1959 |  53.4 |      30 |       6 |  16.7
        D:9 |    2721 |     847 |  23.7 |      42 |      14 |  25.0
       D:10 |    4983 |    3433 |  40.8 |      46 |      16 |  25.8
       D:11 |    6815 |       0 |   0.0 |      49 |       0 |   0.0
       D:12 |    3161 |    5295 |  62.6 |      13 |       2 |  13.3
       D:13 |    8689 |   11316 |  56.6 |      36 |      28 |  43.8
       D:14 |    4791 |    6512 |  57.6 |      15 |       5 |  25.0
       D:15 |    7021 |   10526 |  60.0 |      27 |      27 |  50.0
     Lair:1 |    2944 |    2943 |  50.0 |      16 |       4 |  20.0
     Lair:2 |    2626 |    7993 |  75.3 |       9 |      14 |  60.9
     Lair:3 |    1702 |    1872 |  52.4 |       5 |       8 |  61.5
     Lair:4 |    3136 |       0 |   0.0 |      12 |       0 |   0.0
     Lair:5 |    4574 |     418 |   8.4 |      12 |       1 |   7.7
     Lair:6 |    5000 |   12716 |  71.8 |      16 |      52 |  76.5
    Snake:1 |   18367 |    2495 |  12.0 |      35 |       6 |  14.6
    Snake:2 |   16730 |   10782 |  39.2 |      37 |      11 |  22.9
    Snake:3 |   23601 |   13598 |  36.6 |      46 |       4 |   8.0
    Snake:4 |   22092 |   47982 |  68.5 |      47 |      69 |  59.5
      Orc:1 |    2340 |    1961 |  45.6 |      23 |       9 |  28.1
      Orc:2 |    3663 |   19844 |  84.4 |      45 |      35 |  43.8
      Elf:1 |   18376 |    8409 |  31.4 |      32 |      11 |  25.6
      Elf:2 |   23163 |   38268 |  62.3 |      40 |      35 |  46.7
      Elf:3 |   12184 |   15627 |  56.2 |      19 |      12 |  38.7
    Ossuary |       0 |     257 | 100.0 |       0 |      27 | 100.0
      IceCv |       0 |    4895 | 100.0 |       0 |      22 | 100.0
            +---------+---------+-------+---------+---------+-------
